 Dungeon Crawl Stone Soup version 0.19.0-9-gfd783f2 (webtiles) character file.

53743 mistymad the Martial Artist (level 14, -5/121 HPs)
             Began as a Naga Transmuter on Nov 7, 2016.
             Slain by a large slime creature (31 damage)
             ... on level 14 of the Dungeon.
             The game lasted 01:21:37 (28895 turns).

mistymad the Martial Artist (Naga Transmuter)      Turns: 28895, Time: 01:21:38

Health: -5/121     AC: 14    Str: 11 (12) XL:     14   Next: 69%
Magic:  0/29       EV: 10    Int: 16      God:
Gold:   1016       SH:  0    Dex: 15      Spells: 6 memorised, 17 levels left

rFire  . . .     SeeInvis +       - Unarmed
rCold  . . .     Gourm    .     A - +1 robe {MR+}
rNeg   . . .     Faith    .     (no shield)
rPois  +         Spirit   +     G - +1 helmet
rElec  .         Reflect  .     (no cloak)
rCorr  .         Harm     .     x - +1 pair of gloves
MR     ++++.     Rnd*Rage +     l - +0 naga barding
Stlth  ++........               F - amulet of guardian spirit
                                q - ring of stealth
                                n - ring of protection from magic

@: about to teleport, repel missiles, very slow
A: see invisible, agile 1, berserk 1, deformed body, deterioration 1, dopey 1,
frail 1, high mp 1, magic resistance 1, poison resistance, screaming 1, slowness
2, slow metabolism 1, spit poison 1, wild magic 1, constrict 1, sturdy frame 1,
AC +4
a: Spit Poison


You were on level 14 of the Dungeon.
You were near starving.

You visited 4 branches of the dungeon, and saw 22 of its levels.

You collected 1337 gold pieces.
You spent 321 gold pieces at shops.

Inventory:

Missiles
 a - 497 arrows
 m - 7 javelins of penetration (quivered)
Armour
 l - a +0 naga barding (worn)
 x - a +1 pair of gloves (worn)
 A - a +1 robe of magic resistance (worn)
 B - a +2 buckler
 G - a +1 helmet (worn)
 N - a +0 shield
 R - a +1 robe of fire resistance
 Y - a +1 robe of cold resistance
Jewellery
 b - an uncursed ring of ice
 n - a ring of protection from magic (left hand)
 o - an uncursed ring of resist corrosion
 q - a ring of stealth (right hand)
 F - an amulet of guardian spirit (around neck)
 U - an uncursed ring of fire
Wands
 v - a wand of acid (13/15)
 H - a wand of polymorph (12/24)
 V - a wand of acid (4/15)
 X - a wand of paralysis (9/24)
Scrolls
 f - a scroll of enchant armour
 h - 3 scrolls of magic mapping
 j - 12 scrolls of remove curse
 p - 10 scrolls of teleportation
 y - 3 scrolls of fear
 C - 5 scrolls of recharging
 I - 3 scrolls of enchant weapon
 O - 4 scrolls of blinking
 P - 7 scrolls of identify
 S - 3 scrolls of amnesia
Potions
 c - a potion of ambrosia
 e - 14 potions of curing
 i - 2 potions of heal wounds
 k - 2 potions of magic
 s - 3 potions of flight
 w - 2 potions of resistance
 z - 2 potions of cure mutation
 E - 3 potions of lignification
 J - 3 potions of invisibility
 Q - a potion of might
 T - 2 potions of brilliance
Miscellaneous
 t - a phantom mirror
 D - a box of beasts
Comestibles
 d - 8 bread rations
 g - 4 beef jerkies
 u - 22 royal jellies
 L - 12 fruits
 M - 9 meat rations
 Z - a slice of pizza


   Skills:
 - Level 11.3 Fighting
 - Level 4.5 Dodging
 + Level 13.9 Unarmed Combat
 - Level 9.0 Spellcasting
 - Level 2.5 Hexes
 - Level 4.1 Charms
 + Level 13.6 Transmutations


You had 17 spell levels left.
You knew the following spells:

 Your Spells              Type           Power        Failure   Level  Hunger
a - Apportation           Tloc           #.........   17%         1    None
b - Sticks to Snakes      Tmut           ######..     1%          2    None
c - Spider Form           Tmut/Pois      #####.....   3%          3    #......
d - Blade Hands           Tmut           ######....   2%          5    #####..
e - Confusing Touch       Hex            ###...       8%          1    None
f - Repel Missiles        Chrm/Air       ###...       14%         2    None


Dungeon Overview and Level Annotations

Branches:
Dungeon (14/15)            Temple (1/1) D:7            Lair (6/6) D:10
  Swamp (0/4) Lair:3       Spider (0/4) Lair:2        Slime (0/5) Lair:6
    Orc (1/2) D:11         Vaults (0/5) D:13

Altars:
Ashenzari
Cheibriados
Dithmenos
Elyvilon
Fedhas
Gozag
Hepliaklqana
Kikubaaqudgha
Makhleb
Nemelex Xobeh
Okawaru
Qazlal
Ru
Sif Muna
Trog
Uskayaw
Vehumet
Xom
Yredelemnul
Zin
The Shining One

Shops:
D:5 (   D:6 ?%   D:8 }(%?   D:9 !   Orc:1 *

Portals:
Trove: D:11 (give horn of Geryon)


Innate Abilities, Weirdness & Mutations

You cannot wear boots.
Your serpentine skin is tough. (AC +4)
You have supernaturally acute eyesight. (SInv)
Armour fits poorly on your strangely shaped body.
Your system is resistant to poisons. (rPois)
You cover ground very slowly.
You have a slow metabolism.
You can spit poison.
You can use your snake-like lower body to constrict enemies.
You are agile. (Dex +2)
You tend to lose your temper in combat.
Your body sometimes deteriorates upon taking damage.
You are dopey. (Int -2)
You are frail. (-10% HP)
You have an increased reservoir of magic. (+10% MP)
You are resistant to hostile enchantments. (MR+)
You occasionally shout uncontrollably at your foes.
Your spells are a little harder to cast, but a little more powerful.
Your movements are slightly less encumbered by armour. (ER -2)


Message History

You take 6 damage, and have 41/121 hp.
You now have 10/29 mp.
You barely miss the large slime creature.
The large slime creature is almost dead.
The large slime creature hits you!!
* * * LOW HITPOINT WARNING * * *
You take 27 damage, and have 14/121 hp.
MASSIVE DAMAGE!!
You now have 3/29 mp.
Okay, then.
Okay, then.
You feel much better. The large slime creature hits you!
* * * LOW HITPOINT WARNING * * *
Your body deteriorates!
You feel weakened.
You regained 12 hp, and now have 26/121 hp.
You now have 2/29 mp.
Casting: Blade Hands
Confirm with . or Enter, or press ? or * to list all spells.
You don't have enough magic to cast that spell.
Okay, then.
As you read the scroll of teleportation, it crumbles to dust.
You feel strangely unstable. The large slime creature hits you!!
You die...

#........#.##.##
###
########...#...##
#...........#
#.###.#..... #
#.#.#.#.#
#.......#
###.#####
#>#####.#
#..J@...#
#########


You could see a large slime creature.

Vanquished Creatures
  Snorg (D:13)
  A rakshasa (D:13)
  2 hydras
  Fannar (D:12)
  Erolcha (D:13)
  A centaur warrior (D:13)
  A catoblepas (Lair:6)
  A deep troll shaman (Lair:6)
  3 death yaks (Lair:6)
  An orc high priest (Orc:1)
  Sonja (D:12)
  2 unseen horrors
  A deep troll (D:13)
  Pikel (D:7)
  A hill giant (D:11)
  A lindwurm (Lair:6)
  6 ugly things
  2 manticores
  A moth of wrath (Lair:2)
  A deep elf mage (D:10)
  6 elephants (Lair:6)
  A centaur zombie (D:11)
  Joseph (D:7)
  4 black mambas
  A guardian serpent (D:9)
  11 spiny frogs
  7 komodo dragons
  4 rime drakes
  2 tengu conjurers (D:13)
  A queen bee (Lair:2)
  A polar bear (Lair:5)
  4 two-headed ogres
  4 hornets
  6 blink frogs (Lair:6)
  4 slime creatures
  12 dream sheep
  10 hippogriffs
  A vampire (D:11)
  31 yaks
  5 wyverns
  2 basilisks
  A steam dragon (Lair:3)
  A warg (Orc:1)
  4 soldier ants
  8 water moccasins
  9 porcupines
  8 orc warriors
  3 slaves (D:7)
  5 ice beasts
  5 sky beasts
  5 black bears
  2 hornet zombies
  4 phantoms
  5 ogres
  13 centaurs
  5 wolves (Lair:6)
  10 crocodiles
  5 big kobolds
  12 bullfrogs
  A water moccasin zombie (D:8)
  A water moccasin skeleton (D:9)
  8 scorpions
  23 killer bees (Lair:2)
  19 wights
  7 howler monkeys
  2 electric eels (D:11)
  9 crimson imps
  A bullfrog zombie (D:11)
  A quasit (D:10)
  10 orc priests
  5 jellies
  10 orc wizards
  2 centaur skeletons
  9 hounds
  Ijyb (D:3)
  Natasha (thrice) (D:3)
  5 iguanas
  9 worker ants
  3 hound zombies
  2 hound skeletons
  Robin (D:2)
  10 adders
  2 gnolls (D:6)
  5 shadow imps
  An adder skeleton (D:8)
  4 worms
  9 dart slugs
  5 leopard geckos
  67 orcs
  3 ball pythons
  6 giant cockroaches
  13 goblins
  14 hobgoblins
  17 jackals
  2 quokkas
  6 bats
  4 frilled lizards
  2 giant cockroach zombies
  A jackal zombie (D:6)
  25 kobolds
  A leopard gecko zombie (D:8)
  A quokka skeleton (D:6)
  11 rats
594 creatures vanquished.

Vanquished Creatures (collateral kills)
  An ogre (D:8)
  A worker ant (D:12)
2 creatures vanquished.

Vanquished Creatures (others)
  A hound (D:7)
  An adder (D:7)
  An orc (D:7)
  A bush (Lair:2)
  5 fungi
  7 plants
16 creatures vanquished.

Grand Total: 612 creatures vanquished

Notes
Turn   | Place    | Note
-------+----------+-------------------------------------------
     0 | D:1      | mistymad the Naga Transmuter began the quest for the Orb.
     0 | D:1      | Reached XP level 1. HP: 18/18 MP: 3/3
    97 | D:1      | Reached XP level 2. HP: 25/25 MP: 3/5
   111 | D:1      | Learned a level 2 spell: Sticks to Snakes
   495 | D:1      | Reached XP level 3. HP: 30/31 MP: 6/6
  1436 | D:2      | Noticed Robin
  1459 | D:1      | Learned a level 3 spell: Spider Form
  1600 | D:2      | Reached XP level 4. HP: 25/38 MP: 0/8
  1743 | D:2      | Killed Robin
  2330 | D:3      | Reached XP level 5. HP: 44/44 MP: 5/9
  2399 | D:3      | Noticed Natasha
  2407 | D:3      | Killed Natasha
  2664 | D:3      | Noticed Ijyb
  2677 | D:3      | Killed Ijyb
  2697 | D:3      | Noticed Natasha
  2702 | D:3      | Killed Natasha
  2752 | D:3      | Noticed Natasha
  2759 | D:3      | Killed Natasha
  2845 | D:4      | Learned a level 5 spell: Blade Hands
  2886 | D:4      | Reached XP level 6. HP: 20/51 MP: 7/11
  2889 | D:4      | HP: 1/51 [orc priest/whip (7)]
  3367 | D:4      | Reached skill level 5 in Unarmed Combat
  3367 | D:4      | Reached XP level 7. HP: 53/57 MP: 9/13
  3632 | D:4      | Found a sacrificial altar of Ru.
  3949 | D:5      | Entered Level 5 of the Dungeon
  4200 | D:5      | Found Kayst's Antique Weapon Shop.
  4580 | D:5      | Found a radiant altar of Vehumet.
  4581 | D:5      | Found a shattered altar of Ashenzari.
  4698 | D:6      | Reached skill level 5 in Transmutations
  5189 | D:6      | Found Kaoskil's Food Boutique.
  5300 | D:6      | Reached XP level 8. HP: 64/64 MP: 12/15
  5327 | D:6      | Reached skill level 5 in Spellcasting
  5468 | D:6      | Found a deep blue altar of Sif Muna.
  6576 | D:5      | Learned a level 1 spell: Confusing Touch
  6799 | D:6      | Found Leqew's Magic Scroll Boutique.
  6818 | D:6      | Bought a scroll of teleportation for 33 gold pieces
  6818 | D:6      | Bought a scroll of teleportation for 33 gold pieces
  6818 | D:6      | Bought a scroll of teleportation for 33 gold pieces
  6935 | D:7      | Found a glowing golden altar of the Shining One.
  6946 | D:7      | Noticed Joseph
  6970 | D:7      | Killed Joseph
  6970 | D:7      | Reached XP level 9. HP: 44/70 MP: 11/17
  6974 | D:7      | Noticed Pikel
  7217 | D:7      | Killed Pikel
  7485 | D:7      | Found a staircase to the Ecumenical Temple.
  7510 | Temple   | Entered the Ecumenical Temple
  7883 | D:7      | Learned a level 1 spell: Apportation
  8631 | D:8      | Found Exidatol's Weapon Boutique.
  8658 | D:8      | Found a bloodstained altar of Trog.
  8665 | D:8      | Found Ciusaips's Magic Scroll Emporium.
  8681 | D:8      | Bought a scroll of magic mapping for 45 gold pieces
  9348 | D:8      | Reached XP level 10. HP: 75/84 MP: 12/19
  9906 | D:8      | Gained mutation: You occasionally shout uncontrollably at your foes. [potion of mutation]
  9906 | D:8      | Gained mutation: You expend magic power (3 MP) to strengthen your wands. [potion of mutation]
  9907 | D:8      | Gained mutation: Your muscles are strong. (Str +2) [potion of mutation]
  9907 | D:8      | Gained mutation: You tend to lose your temper in combat. [potion of mutation]
  9908 | D:8      | Gained mutation: You are resistant to hostile enchantments. (MR+) [potion of mutation]
  9908 | D:8      | Gained mutation: You are dopey. (Int -2) [potion of mutation]
  9908 | D:8      | Gained mutation: You have an increased reservoir of magic. (+10% MP) [potion of mutation]
  9979 | D:8      | Paralysed by a hornet for 2 turns
 10093 | D:8      | Found Usag Utwall's Gadget Emporium.
 10573 | D:8      | Found Maaclyso's Food Shop.
 10659 | D:8      | Found an iron altar of Okawaru.
 10782 | D:9      | Reached skill level 5 in Fighting
 10934 | D:9      | Found Zaeps's Distillery.
 10954 | D:9      | Bought a potion of lignification for 42 gold pieces
 10954 | D:9      | Bought a potion of mutation for 35 gold pieces
 10954 | D:9      | Bought a potion of mutation for 35 gold pieces
 10954 | D:9      | Bought a potion of lignification for 42 gold pieces
 10955 | D:9      | Gained mutation: Your body sometimes deteriorates upon taking damage. [potion of mutation]
 10955 | D:9      | Gained mutation: Your spells are a little harder to cast, but a little more powerful. [potion of mutation]
 10956 | D:9      | Lost mutation: You tend to lose your temper in combat. [potion of mutation]
 10956 | D:9      | Gained mutation: You are agile. (Dex +2) [potion of mutation]
 11220 | D:9      | Noticed a guardian serpent
 11224 | D:9      | Killed a guardian serpent
 11224 | D:9      | Reached skill level 10 in Unarmed Combat
 11296 | D:9      | Found a stormy altar of Qazlal.
 11296 | D:9      | Found a blossoming altar of Fedhas.
 11302 | D:9      | Found a hazy altar of Hepliaklqana.
 11329 | D:9      | Reached XP level 11. HP: 47/97 MP: 20/22
 11930 | D:9      | Reached skill level 10 in Transmutations
 12985 | D:9      | You fall through a shaft!
 12985 | D:10     | Entered Level 10 of the Dungeon
 13072 | D:10     | Found a staircase to the Lair.
 13602 | D:10     | Noticed a deep elf mage
 13621 | D:10     | Killed a deep elf mage
 13824 | D:11     | Noticed a green ugly thing
 13838 | D:11     | Killed a green ugly thing
 14073 | D:11     | Noticed a brown ugly thing
 14092 | D:11     | Killed a brown ugly thing
 14573 | D:11     | Gained mutation: Your movements are slightly less encumbered by armour. (ER -2) [mutagenic meat]
 14649 | D:11     | Found a portal to a secret trove of treasure.
 14768 | D:11     | Reached XP level 12. HP: 111/111 MP: 18/23
 15469 | D:11     | Found a staircase to the Orcish Mines.
 15992 | D:12     | Noticed Sonja
 15999 | D:12     | Killed Sonja
 16514 | D:12     | Learned a level 2 spell: Repel Missiles
 17028 | D:12     | Noticed Fannar
 17310 | D:12     | Killed Fannar
 17310 | D:12     | Reached skill level 1 in Charms
 17980 | Orc:1    | Entered Level 1 of the Orcish Mines
 17980 | Orc:1    | Found Niruatel's Assorted Antiques.
 17984 | Orc:1    | Bought a scroll labeled ODOCKY ETILU for 23 gold pieces
 18406 | Orc:1    | Noticed an orc high priest
 18652 | Orc:1    | Killed an orc high priest
 18871 | Lair:1   | Entered Level 1 of the Lair of Beasts
 20125 | Lair:2   | Found a hole to the Spider Nest.
 20139 | Lair:2   | Gained mutation: You can use your snake-like lower body to constrict enemies. [Naga growth]
 20139 | Lair:2   | Reached XP level 13. HP: 121/121 MP: 19/25
 20267 | Lair:2   | Identified the Grimoire of the Frostbite
 21027 | Lair:3   | Found an iron altar of Okawaru.
 21747 | Lair:3   | Found a staircase to the Swamp.
 21959 | Lair:4   | Reached skill level 10 in Fighting
 22201 | Lair:4   | Reached skill level 1 in Hexes
 24446 | Lair:6   | Entered Level 6 of the Lair of Beasts
 25296 | Lair:6   | Found a staircase to the Slime Pits.
 25306 | Lair:6   | Reached XP level 14. HP: 74/133 MP: 12/28
 27842 | D:13     | Noticed Snorg
 27850 | D:13     | Killed Snorg
 27928 | D:13     | Noticed Erolcha
 27936 | D:13     | Killed Erolcha
 28108 | D:13     | Lost mutation: Your muscles are strong. (Str +2) [mutagenic meat]
 28183 | D:13     | Found a gate to the Vaults.
 28634 | D:14     | Gained mutation: You are frail. (-10% HP) [mutagenic meat]
 28635 | D:14     | Gained mutation: You tend to lose your temper in combat. [mutagenic meat]
 28638 | D:14     | Lost mutation: You expend magic power (3 MP) to strengthen your wands. [mutagenic meat]
 28895 | D:14     | Slain by a large slime creature

Skill      XL: |  1  2  3  4  5  6  7  8  9 10 11 12 13 14 |
---------------+-------------------------------------------+-----
Transmutations | 3 4 5 7 8 9 11 12 13 | 13.6
Spellcasting   | 3 4 5 6 7 8 9 |  9.0
Unarmed Combat | 4 5 6 7 8 10 11 12 13 | 13.9
Dodging        | 2 3 4 |  4.5
Fighting       | 3 5 8 9 10 11 | 11.3
Charms         | 3 4 |  4.1
Hexes          | 2 |  2.5

Action                   |  1- 3 |  4- 6 |  7- 9 | 10-12 | 13-15 || total
-------------------------+-------+-------+-------+-------+-------++-------
Melee: Unarmed           |   113 |   127 |   384 |   667 |   530 ||  1821
       Headbutt          |     3 |       |       |       |       ||     3
       Punch             |       |     1 |     1 |    24 |    41 ||    67
       Constrict         |       |       |       |       |   107 ||   107
Throw: Javelin           |       |       |       |     1 |       ||     1
 Cast: Beastly Appendage |     8 |       |       |       |       ||     8
       Spider Form       |     2 |    21 |    44 |    15 |       ||    82
       Sticks to Snakes  |       |       |     8 |    12 |       ||    20
       Blade Hands       |       |       |     1 |    70 |    65 ||   136
       Confusing Touch   |       |       |     1 |       |     8 ||     9
       Repel Missiles    |       |       |       |     1 |     2 ||     3
 Abil: Spit Poison       |    23 |    11 |    38 |    31 |     1 ||   104
Evoke: Wand              |       |       |       |     1 |       ||     1
  Use: Scroll            |       |       |    19 |     7 |     6 ||    32
       Potion            |       |       |     1 |     6 |     3 ||    10
 Stab: Sleeping          |       |     2 |       |     2 |     2 ||     6
       Paralysed         |       |       |       |     1 |       ||     1
       Petrified         |       |       |       |       |     8 ||     8
       Confused          |       |       |       |       |     3 ||     3
  Eat: Chunk             |     3 |     9 |    17 |    49 |    43 ||   121
       Fruit             |       |       |     4 |       |       ||     4
       Pizza             |       |       |       |     2 |     1 ||     3
       Royal jelly       |       |       |       |     2 |     1 ||     3
       Beef jerky        |       |       |       |     1 |       ||     1
Armor: Robe              |    90 |    16 |    54 |   234 |   195 ||   589
       Skin              |     2 |     2 |    14 |     6 |    50 ||    74
Dodge: Dodged            |    92 |    91 |   272 |   363 |   206 ||  1024
       Deflected         |       |       |       |     1 |     2 ||     3
